 Dungeon Crawl Stone Soup version 0.20.1-1-g8b1a95d (webtiles) character file.

19574 Irenicus the Grappler (level 12, -4/105 HPs)
             Began as a Troll Chaos Knight on Oct 19, 2017.
             Slain by a yak (13 damage)
             ... on level 11 of the Dungeon.
             The game lasted 00:31:24 (8061 turns).

Irenicus the Grappler (Troll Chaos Knight)          Turns: 8061, Time: 00:31:25

Health: -4/105     AC: 12    Str: 23    XL:     12   Next: 37%
Magic:  18/18      EV: 16    Int: 13    God:    Xom [..*...]
Gold:   909        SH:  0    Dex: 13    Spells: 20/21 levels left

rFire    . . .     SeeInvis .     - Unarmed
rCold    . . .     Gourm    +   (no shield)
rNeg     + . .     Faith    .   W - +0 steam dragon scales
rPois    +         Spirit   .   Q - +1 hat
rElec    .         Reflect  .   Y - +1 cloak {MR+}
rCorr    .         Harm     .   (gloves unavailable)
MR       +....     Rnd*Rage +   (boots unavailable)
Stlth    +.........             i - amulet of rage
Regen    0.7/turn               L - +3 ring of evasion
MPRegen  0.2/turn               J - ring of positive energy

@: brilliant, berserk cooldown, slowed, very slow
A: unfitting armour, claws 3, horns 1, slimy green scales 1, yellow scales 1,
berserk 1, deformed body, fast metabolism 3, gourmand, sense surroundings 1,
poison resistance, regeneration 1, shaggy fur 1, tough skin 2
a: Renounce Religion, Evoke Berserk Rage


You were on level 11 of the Dungeon.
You worshipped Xom.
You were a toy of Xom.
You were very full.

You visited 1 branch of the dungeon, and saw 11 of its levels.
You also visited: Ossuary and Bailey.

You collected 909 gold pieces.

Inventory:

Armour
 Q - a +1 hat (worn)
 W - +0 steam dragon scales (worn)
 Y - a +1 cloak of magic resistance (worn)
Jewellery
 f - an uncursed ring of protection from cold
 i - an amulet of rage (around neck)
 k - an uncursed amulet of guardian spirit
 u - an uncursed amulet of regeneration
 E - an uncursed ring of fire
 H - an uncursed amulet of magic regeneration
 J - a ring of positive energy (right claw)
 L - a +3 ring of evasion (left claw)
 M - a +3 amulet of reflection
 N - an uncursed ring of wizardry
 P - an uncursed ring of protection from cold
Wands
 a - a wand of confusion (27/48)
 h - a wand of lightning (8/15)
 y - a wand of confusion (26/48)
 I - a wand of digging (14/24)
 K - a wand of acid (7/15)
 O - a wand of iceblast (7/15)
 T - a wand of lightning (9/15)
 U - a wand of random effects (22/48)
Scrolls
 d - 4 scrolls of magic mapping {unknown}
 e - 3 scrolls of enchant armour {unknown}
 m - 5 scrolls of remove curse
 o - 10 scrolls of identify
 r - 3 scrolls of teleportation {unknown}
 t - 6 scrolls of enchant weapon {unknown}
 x - a scroll of noise {unknown}
 B - a scroll of acquirement {unknown}
 C - 2 scrolls of blinking {unknown}
 F - a scroll of immolation {unknown}
 R - a scroll of recharging {unknown}
 S - 2 scrolls of summoning
 V - a scroll of amnesia {unknown}
 X - 2 scrolls of fear {unknown}
 Z - a scroll of torment {unknown}
Potions
 c - 9 potions of curing
 j - a potion of agility
 l - a potion of degeneration
 n - a potion of might
 s - a potion of cancellation
 v - 4 potions of haste
 z - a potion of berserk rage
 A - 5 potions of heal wounds
 D - a potion of flight
Books
 G - a book of Misfortune

   Spells                             Type                      Level
   a - Confusing Touch                Hexes                        1
   b - Confuse                        Hexes                        3
   c - Gell's Gravitas                Translocation                3
   d - Petrify                        Transmutation/Earth          4
   e - Metabolic Englaciation         Hexes/Ice                    5
   f - Yara's Violent Unravelling     Hexes/Transmutation          5
Comestibles
 b - 6 bread rations
 g - 14 royal jellies
 p - 6 meat rations


   Skills:
 - Level 3.1 Fighting
 - Level 6.2 Dodging
 - Level 14.0 Unarmed Combat
 - Level 5.1 Spellcasting
 - Level 6.0 Hexes
 + Level 3.8 Evocations


You had 20 spell levels left.
You knew the following spells:

 Your Spells              Type           Power        Failure   Level  Hunger
a - Confusing Touch       Hex            ####..       1%          1    None


Dungeon Overview and Level Annotations

Branches:
Dungeon (11/15)            Temple (0/1) D:5            Lair (0/6) D:10
    Orc (0/2) D:9

Altars:
Cheibriados
Fedhas
Kikubaaqudgha
Makhleb
Qazlal
Uskayaw
The Shining One
Beogh

Shops:
D:7 =   D:8 *%[:(   D:10 }


Innate Abilities, Weirdness & Mutations

You are too large for most types of armour.
You have claws for hands.
Your metabolism is lightning-fast.
You like to eat raw meat.
Your natural rate of healing is unusually fast.
You are covered in fur. (AC +1)
You have very tough skin. (AC +2)
You have a pair of small horns on your head.
You are partially covered in slimy green scales. (AC +2)
You are partially covered in yellow scales. (AC +2)
You tend to lose your temper in combat.
Armour fits poorly on your strangely shaped body.
You passively map a small area around you.
Your system is resistant to poisons. (rPois)


Message History

The yak barely misses you.
Your hound barely misses the yak.
You barely miss the yak.
The yak is severely wounded.
The yak gores you. The yak misses you. The yak gores you!
* * * LOW HITPOINT WARNING * * *
The yak gores you!
* * * LOW HITPOINT WARNING * * *
Your hound bites the yak but does no damage.
It was a potion of brilliance.
You feel clever all of a sudden.
Xom thinks this is hilarious!
Your hound bites the yak.
The yak gores you but does no damage. The yak barely misses you.
The yak gores you.
* * * LOW HITPOINT WARNING * * *
The yak gores you.
* * * LOW HITPOINT WARNING * * *
Your hound closely misses the yak.
The yak misses you. The yak completely misses you. The yak misses you.
The yak gores you!
You die...
Xom chuckles heartily!

..###. ,
................# .## *
.....................#
.# *
,.....................#
.#
.....................#
..#*
.....................#
...
....................##
... ,∆
...................##
......Y.....)...$.## ,
.......@h.?))....##
......YYY..))...##
...............##
..............##
.............##
............## ,
...........## , ,,
..........## * #####


You could see 4 yaks and a friendly hound.

Vanquished Creatures
  Gastronok (D:8)
  The ghost of Britaniac the Severer, a journeyman HOFi of Okawaru (Bailey)
  3 two-headed ogres
  Urug (D:10)
  5 orc knights (Bailey)
  A cyclops (D:11)
  Maurice (D:10)
  Joseph (D:8)
  A gargoyle (D:10)
  Psyche (D:8)
  A troll (D:11)
  Prince Ribbit (D:9)
  3 hornets
  2 hippogriffs (D:11)
  A hippogriff (shapeshifter) (D:11)
  Eustachio (D:6)
  A vampire (D:10)
  12 yaks
  A wraith (D:10)
  A steam dragon (D:10)
  Edmund (D:4)
  A soldier ant (D:9)
  Menkaure (Ossuary)
  2 hell hounds (D:10)
  3 black bears
  8 orc warriors
  4 phantoms
  An eye of draining (D:11)
  3 ice beasts
  4 sky beasts
  A necrophage (D:10)
  6 ogres
  8 centaurs
  2 big kobolds (D:11)
  5 bullfrogs
  A scorpion (D:10)
  4 troll zombies (D:9)
  10 killer bees
  5 wights (D:11)
  3 howler monkeys
  A vampire bat (D:2)
  A centaur zombie (D:9)
  4 crimson imps
  3 hounds
  3 jellies
  A centaur skeleton (D:9)
  3 orc priests
  3 bullfrog skeletons
  2 iguanas (D:8)
  12 orc wizards
  8 worker ants
  4 ogre zombies (D:9)
  A hound zombie (D:10)
  3 mummies (Ossuary)
  A hound skeleton (D:6)
  2 worker ant zombies
  An adder (shapeshifter) (D:9)
  7 adders
  2 shadow imps
  An ooze (D:1)
  2 adder skeletons
  An adder zombie (D:5)
  4 worms
  5 leopard geckos
  63 orcs
  10 bats
  A bat skeleton (D:2)
  6 bat zombies (D:2)
  7 giant cockroaches
  2 gnoll zombies (Ossuary)
  9 goblins
  9 hobgoblins
  6 jackals (D:5)
  A quokka (D:9)
  2 ball pythons
  3 frilled lizards
  5 gnoll skeletons (Ossuary)
  5 goblin skeletons
  9 goblin zombies
  A hobgoblin skeleton (D:9)
  4 hobgoblin zombies
  2 jackal skeletons (D:7)
  7 kobolds
  2 kobold skeletons (Ossuary)
  4 kobold zombies (Ossuary)
  A leopard gecko skeleton (D:4)
  4 orc skeletons
  17 orc zombies
  7 rats
  4 rat skeletons (Ossuary)
  3 rat zombies (Ossuary)
382 creatures vanquished.

Vanquished Creatures (collateral kills)
  A komodo dragon (D:11)
  A quasit (D:11)
2 creatures vanquished.

Vanquished Creatures (others)
  The ghost of poxvuibr the Arsonist, a novice DEWz of Vehumet (D:9)
  A gnoll zombie (Ossuary)
  A gnoll skeleton (Ossuary)
  A goblin skeleton (Ossuary)
  A goblin zombie (Ossuary)
  2 hobgoblin skeletons (Ossuary)
  A hobgoblin zombie (Ossuary)
  2 kobold skeletons (Ossuary)
  A kobold zombie (Ossuary)
  An orc skeleton (Ossuary)
  2 orc zombies (Ossuary)
  A rat skeleton (Ossuary)
15 creatures vanquished.

Grand Total: 399 creatures vanquished

Notes
Turn   | Place    | Note
-------+----------+-------------------------------------------
     0 | D:1      | Irenicus the Troll Chaos Knight began the quest for the Orb.
     0 | D:1      | Reached XP level 1. HP: 22/22 MP: 0/0
    49 | D:1      | XOM: potion effect (invisibility)
    73 | D:1      | XOM: silly message
   127 | D:1      | Reached XP level 2. HP: 29/29 MP: 1/1
   234 | D:1      | Reached skill level 4 in Unarmed Combat
   539 | D:2      | XOM: silly message
   556 | D:2      | Found a burning altar of Makhleb.
   557 | D:2      | Found a stormy altar of Qazlal.
   568 | D:2      | XOM: harmless Hex miscast
   576 | D:2      | Reached XP level 3. HP: 33/36 MP: 2/2
   655 | D:2      | XOM: cloud trail
   919 | D:2      | Found an ancient bone altar of Kikubaaqudgha.
   921 | D:2      | XOM: confusion
   925 | D:2      | XOM: confuse monster(s)
   931 | D:2      | Reached skill level 5 in Unarmed Combat
   931 | D:2      | Reached XP level 4. HP: 44/44 MP: 3/3
  1067 | D:3      | Reached XP level 5. HP: 24/50 MP: 1/4
  1605 | D:3      | XOM: silly message
  1641 | D:3      | XOM: harmless Tloc miscast
  1784 | D:3      | XOM: harmless Fire miscast
  1810 | D:4      | Reached skill level 6 in Unarmed Combat
  1994 | D:4      | Reached XP level 6. HP: 59/59 MP: 5/5
  1998 | D:4      | Noticed Edmund
  2004 | D:4      | XOM: cast spell 'Summon Mana Viper'
  2007 | D:4      | XOM: divination: magic mapping
  2011 | D:4      | Killed Edmund
  2011 | D:4      | Reached skill level 7 in Unarmed Combat
  2174 | D:4      | XOM: silly message
  2293 | D:5      | Entered Level 5 of the Dungeon
  2303 | D:5      | Reached skill level 8 in Unarmed Combat
  2342 | D:5      | XOM: divination: magic mapping
  2347 | D:5      | Reached XP level 7. HP: 66/66 MP: 6/6
  2393 | D:5      | XOM: harmless Pois miscast
  2410 | D:5      | Found a sand-covered staircase.
  2415 | Ossuary  | Entered an ossuary
  2655 | Ossuary  | Noticed Menkaure
  2665 | Ossuary  | Killed Menkaure
  2665 | Ossuary  | Reached skill level 9 in Unarmed Combat
  2770 | D:5      | Found a staircase to the Ecumenical Temple.
  2835 | D:5      | Found a hide-covered altar of Uskayaw.
  2855 | D:5      | XOM: potion effect (agility)
  2998 | D:5      | XOM: harmless Necr miscast
  3050 | D:5      | XOM: smoke on damage
  3138 | D:5      | XOM: silly message
  3237 | D:6      | Noticed Eustachio
  3243 | D:6      | Killed Eustachio
  3243 | D:6      | Reached skill level 10 in Unarmed Combat
  3243 | D:6      | Reached XP level 8. HP: 74/74 MP: 7/7
  3262 | D:6      | XOM: swap monsters
  3383 | D:6      | Learned a level 1 spell: Confusing Touch
  3467 | D:6      | XOM: give mutations
  3467 | D:6      | Gained mutation: Armour fits poorly on your strangely shaped body. [Xom's mischief]
  3467 | D:6      | Gained mutation: Your body sometimes deteriorates upon taking damage. [Xom's mischief]
  3467 | D:6      | Gained mutation: Your body often deteriorates upon taking damage. [Xom's mischief]
  3480 | D:6      | XOM: confusion
  3482 | D:6      | XOM: draining
  3491 | D:6      | Reached skill level 1 in Hexes
  3670 | D:6      | XOM: confusion
  3980 | D:6      | XOM: swap monsters
  4060 | D:7      | XOM: medium Ice miscast
  4173 | D:7      | Reached XP level 9. HP: 76/80 MP: 6/8
  4230 | D:7      | XOM: summons 4 hostile shadow creatures
  4304 | D:7      | Gained mutation: You have a pair of small antennae on your head. [mutagenic meat]
  4305 | D:7      | Gained mutation: You are partially covered in yellow scales. (AC +2) [mutagenic meat]
  4343 | D:7      | Found Jicw's Jewellery Emporium.
  4345 | D:7      | Noticed a two-headed ogre
  4354 | D:7      | XOM: fake destruction
  4357 | D:7      | XOM: smoke on damage
  4361 | D:7      | XOM: summons 3 friendly demons
  4373 | D:7      | Lost mutation: Armour fits poorly on your strangely shaped body. [potion of mutation]
  4373 | D:7      | Lost mutation: You have a pair of small antennae on your head. [potion of mutation]
  4373 | D:7      | Lost mutation: Your body often deteriorates upon taking damage. [potion of mutation]
  4373 | D:7      | Lost mutation: Your body sometimes deteriorates upon taking damage. [potion of mutation]
  4373 | D:7      | Gained mutation: You tend to lose your temper in combat. [potion of mutation]
  4373 | D:7      | Gained mutation: Your system is resistant to poisons. (rPois) [potion of mutation]
  4373 | D:7      | Gained mutation: You have a pair of small horns on your head. [potion of mutation]
  4373 | D:7      | Gained mutation: You are partially covered in slimy green scales. (AC +2) [potion of mutation]
  4383 | D:7      | Killed a two-headed ogre
  4383 | D:7      | Reached skill level 5 in Hexes
  4392 | D:7      | Gained mutation: You are agile. (Dex +2) [mutagenic meat]
  4393 | D:7      | Gained mutation: You passively map a small area around you. [mutagenic meat]
  4528 | D:7      | Found a snail-covered altar of Cheibriados.
  4735 | D:8      | Found Qaexzy's Antique Weapon Shoppe.
  4739 | D:8      | Found Veraom's Book Boutique.
  4766 | D:8      | Found a blossoming altar of Fedhas.
  4767 | D:8      | Found a glowing golden altar of the Shining One.
  4779 | D:8      | Noticed Gastronok
  4796 | D:8      | Killed Gastronok
  4796 | D:8      | Reached skill level 5 in Dodging
  4796 | D:8      | Reached XP level 10. HP: 87/91 MP: 9/9
  4882 | D:8      | Noticed Psyche
  4887 | D:8      | Killed Psyche
  4935 | D:8      | Found Joyp Git's Food Shoppe.
  4937 | D:8      | XOM: confuse monster(s)
  4999 | D:8      | Found Fuentuopn's Armour Shoppe.
  5027 | D:8      | Found a flagged portal.
  5036 | Bailey   | Entered a bailey
  5038 | Bailey   | Noticed Britaniac's ghost (journeyman HOFi)
  5046 | Bailey   | XOM: noise
  5060 | Bailey   | Killed Britaniac's ghost
  5179 | Bailey   | Noticed an orc knight
  5183 | Bailey   | XOM: cast spell 'Death Channel'
  5206 | Bailey   | XOM: polymorph orc warrior -> howler monkey
  5281 | Bailey   | Killed an orc knight
  5292 | Bailey   | Noticed an orc knight
  5292 | Bailey   | Noticed an orc knight
  5292 | Bailey   | XOM: confuse monster(s)
  5343 | Bailey   | Killed an orc knight
  5348 | Bailey   | XOM: harmless Air miscast
  5349 | Bailey   | Killed an orc knight
  5402 | Bailey   | Noticed an orc knight
  5406 | Bailey   | XOM: cast spell 'Olgreb's Toxic Radiance'
  5409 | Bailey   | Killed an orc knight
  5409 | Bailey   | Reached XP level 11. HP: 77/97 MP: 15/17
  5414 | Bailey   | Noticed an orc knight
  5435 | Bailey   | Killed an orc knight
  5435 | Bailey   | Reached skill level 5 in Spellcasting
  5627 | D:8      | XOM: cloud trail
  5769 | D:8      | Paralysed by a hornet for 1 turns
  5793 | D:8      | Noticed Joseph
  5793 | D:8      | XOM: confuse monster(s)
  5814 | D:8      | Killed Joseph
  5824 | D:8      | Found Ewod's Assorted Antiques.
  5904 | D:9      | Found a roughly hewn altar of Beogh.
  5917 | D:9      | Reached skill level 11 in Unarmed Combat
  5921 | D:9      | XOM: polymorph orc -> leopard gecko
  5945 | D:9      | Gained mutation: Armour fits poorly on your strangely shaped body. [mutagenic meat]
  5996 | D:9      | Noticed Prince Ribbit
  6004 | D:9      | Killed Prince Ribbit
  6030 | D:9      | Noticed poxvuibr's ghost (novice DEWz)
  6047 | D:9      | Killed poxvuibr's ghost
  6162 | D:9      | Found a staircase to the Orcish Mines.
  6204 | D:9      | XOM: 2-stop teleportation journey
  6532 | D:9      | XOM: 2-stop teleportation journey
  6671 | D:9      | Paralysed by a hornet for 1 turns
  6677 | D:9      | Reached skill level 12 in Unarmed Combat
  6840 | D:9      | XOM: god gift: 43 gold pieces
  6967 | D:10     | Entered Level 10 of the Dungeon
  7012 | D:10     | XOM: 3-stop teleportation journey
  7048 | D:10     | XOM: harmless Summ miscast
  7097 | D:10     | Noticed a two-headed ogre
  7102 | D:10     | XOM: swap monsters
  7104 | D:10     | Killed a two-headed ogre
  7135 | D:10     | XOM: draining
  7137 | D:10     | Found Juitzoig's Gadget Shop.
  7172 | D:10     | Reached skill level 13 in Unarmed Combat
  7261 | D:10     | XOM: 1-stop teleportation journey
  7363 | D:10     | Noticed Maurice
  7366 | D:10     | XOM: summons friendly crimson imp
  7385 | D:10     | Noticed Urug
  7385 | D:10     | XOM: cast spell 'Leda's Liquefaction'
  7440 | D:10     | Killed Urug
  7440 | D:10     | Reached XP level 12. HP: 62/105 MP: 16/18
  7470 | D:10     | Found a staircase to the Lair.
  7642 | D:10     | Killed Maurice
  7676 | D:10     | XOM: god gift: scroll labeled ZAIR RETWA {god gift}
  7771 | D:10     | XOM: scenery: 1 doors close
  7806 | D:11     | XOM: fake destruction
  7816 | D:11     | XOM: divination: detect items
  7855 | D:11     | Noticed a two-headed ogre
  7857 | D:11     | Reached skill level 14 in Unarmed Combat
  7858 | D:11     | XOM: cast spell 'Shadow Creatures'
  7863 | D:11     | Reached skill level 1 in Evocations
  7867 | D:11     | Killed a two-headed ogre
  7868 | D:11     | XOM: divination: detect items
  7869 | D:11     | XOM: cast spell 'Summon Small Mammal'
  7957 | D:11     | Lost mutation: You are agile. (Dex +2) [mutagenic meat]
  8015 | D:11     | Found a burning altar of Makhleb.
  8031 | D:11     | XOM: mild Air miscast
  8051 | D:11     | XOM: cast spell 'Call Canine Familiar'
  8061 | D:11     | Slain by a yak

Skill      XL: |  1  2  3  4  5  6  7  8  9 10 11 12 |
---------------+-------------------------------------+-----
Unarmed Combat | 4 5 6 8 10 13 14 | 14.0
Hexes          | 4 6 |  6.0
Fighting       | 3 |  3.1
Dodging        | 5 6 |  6.2
Spellcasting   | 4 5 |  5.1
Evocations     | 3 |  3.8

Action                   |  1- 3 |  4- 6 |  7- 9 | 10-12 || total
-------------------------+-------+-------+-------+-------++-------
Melee: Unarmed           |   111 |   129 |   281 |   638 ||  1159
       Punch             |     2 |     7 |    17 |    36 ||    62
       Headbutt          |       |       |    10 |   156 ||   166
 Cast: Confusing Touch   |       |       |     2 |    12 ||    14
 Abil: Evoke Berserk Rag |       |       |     1 |     9 ||    10
  Use: Scroll            |       |       |     4 |     2 ||     6
       Potion            |       |       |     7 |     8 ||    15
 Stab: Sleeping          |     3 |     1 |     1 |     2 ||     7
       Confused          |       |       |       |     4 ||     4
  Eat: Chunk             |     7 |    19 |    28 |    36 ||    90
       Fruit             |       |       |       |     5 ||     5
Armor: Robe              |    66 |    43 |    91 |   103 ||   303
       Steam dragon scal |       |       |       |   100 ||   100
Dodge: Dodged            |    63 |    58 |   102 |   530 ||   753
